Map: Amphion LE

Players

Maru - Winner!

  • Race: Terran Terran
  • Spawn Location: 7:00

herO

  • Race: Protoss Protoss
  • Spawn Location: 11:00

VOD

Have the link to the VOD?

Description

Time

  • Played on: April 11, 2024, 6:56 a.m.
  • Length: 7:29
Show
View Real Time Build Order
Export as new Build Order

Maru Terran - Winner!

Build Orders:  

Get SALT Encoding   

  12  0:00  SCV  
  13  0:12  SCV  
  14  0:17  Supply Depot  
  14  0:24  SCV  
  15  0:39  Barracks, SCV  
  16  0:44  Refinery  
  16  0:51  SCV  
  17  1:03  SCV  
  18  1:15  SCV  
  19  1:26  Marine  
  19  1:27  Orbital Command  
  20  1:47  Command Center  
  20  1:48  Barracks Reactor  
  20  1:53  SCV  
  21  1:58  Supply Depot  
  21  2:05  SCV  
  22  2:09  Factory  
  22  2:17  SCV  
  22  2:18  Refinery  
  23  2:24  Marine x2  
  23  2:29  SCV  
  26  2:41  SCV  
  26  2:42  Marine x2  
  29  2:53  Widow Mine  
  29  2:54  Starport  
  31  2:58  SCV  
  31  2:59  Orbital Command  
  31  3:03  Marine x2  
  34  3:11  SCV  
  35  3:14  Widow Mine  
  37  3:21  Supply Depot  
  37  3:22  Marine  
  37  3:23  Marine  
  37  3:25  SCV  
  40  3:31  SCV, Medivac  
  43  3:38  Factory Tech Lab, SCV  
  43  3:40  Marine x2  
  46  3:43  SCV  
  47  3:50  SCV  
  47  3:51  Supply Depot  
  48  3:55  SCV  
  48  3:56  Siege Tank  
  48  4:02  SCV, Supply Depot  
  53  4:08  SCV  
  54  4:12  Liberator, Marine x2  
  54  4:16  Supply Depot  
  59  4:27  SCV x2  
  59  4:29  Siege Tank  
  59  4:30  Marine x2  
  66  4:39  SCV  
  66  4:40  SCV  
  66  4:45  Barracks, Supply Depot  
  68  4:48  Marine  
  68  4:51  Marine  
  68  4:57  Starport Tech Lab  
  69  5:00  SCV x2  
  69  5:01  Siege Tank  
  69  5:06  Marine  
  70  5:11  Refinery  
  70  5:12  SCV  
  70  5:13  Marine  
  72  5:17  Raven, Refinery  
  72  5:19  SCV  
  75  5:22  Supply Depot  
  75  5:24  SCV, Marine  
  75  5:26  Engineering Bay  
  77  5:31  Marine  
  77  5:32  SCV  
  77  5:34  Barracks  
  79  5:37  Barracks Tech Lab, SCV  
  80  5:43  Marine  
  80  5:44  SCV  
  80  5:45  Siege Tank  
  80  5:48  Marine  
  85  5:54  SCV  
  85  5:56  SCV  
  80  5:59  Banshee  
  80  6:00  Marine  
  80  6:01  Marine  
  82  6:06  SCV, Marine  
  83  6:12  Command Center  
  83  6:16  SCV  
  83  6:18  Marine  
  85  6:19  Marine  
  85  6:21  Supply Depot  
  85  6:24  Marine  
  81  6:29  Barracks, Siege Tank  
  73  6:36  SCV x2, Marine  
  73  6:37  Marine  
  73  6:42  Marine  
  74  6:53  Starport Reactor, Marauder  
  78  6:54  Marauder  
  78  6:55  SCV x2, Marine  
  78  7:00  Marine  
  81  7:01  Barracks  
  81  7:08  SCV  
  81  7:10  SCV  
Show
View Real Time Build Order
Export as new Build Order

herO Protoss 

Build Orders: 1 Gate Expand, Blink Stalkers 

Get SALT Encoding   

  12  0:00  Probe  
  13  0:12  Probe  
  14  0:18  Pylon  
  14  0:24  Probe (Chrono Boost)  
  15  0:37  Probe (Chrono Boost)  
  15  0:38  Gateway  
  16  0:44  Probe (Chrono Boost)  
  16  0:47  Assimilator  
  17  0:51  Probe  
  18  1:03  Probe  
  19  1:15  Probe  
  20  1:25  Cybernetics Core  
  20  1:37  Nexus  
  20  1:43  Pylon  
  20  1:44  Probe  
  21  1:51  Assimilator  
  21  1:56  Probe  
  21  1:58  Adept (Chrono Boost)  
  22  2:03  Warp Gate  
  25  2:08  Probe  
  25  2:19  Adept (Chrono Boost)  
  25  2:20  Probe  
  28  2:26  Twilight Council  
  28  2:32  Probe  
  29  2:41  Stalker  
  31  2:48  Probe  
  31  2:49  Probe  
  33  2:54  Blink (Chrono Boost)  
  33  3:00  Probe  
  33  3:01  Probe  
  35  3:13  Probe x2  
  35  3:14  Gateway  
  37  3:22  Robotics Facility  
  37  3:25  Probe x2  
  39  3:36  Pylon  
  39  3:37  Probe x2  
  41  3:48  Pylon  
  41  3:49  Probe x2  
  41  3:51  Stalker  
  45  3:59  Assimilator  
  45  4:00  Assimilator  
  45  4:01  Probe x2  
  47  4:09  Stalker  
  49  4:11  Shield Battery  
  49  4:13  Observer, Probe x2  
  49  4:15  Stalker  
  54  4:25  Probe x2  
  56  4:36  Stalker  
  56  4:38  Probe x2  
  54  4:41  Stalker  
  56  4:46  Observer  
  56  4:52  Robotics Bay  
  56  4:53  Forge, Probe x2  
  53  5:07  Stalker x2  
  53  5:08  Probe x2  
  53  5:13  Observer  
  59  5:19  Pylon  
  59  5:20  Probe x2  
  62  5:27  Pylon  
  62  5:37  Probe  
  62  5:42  Stalker x2  
  65  6:03  Probe x2  
  52  6:07  Stalker x2  
  40  6:27  Probe  
  32  6:39  Dark Shrine, Probe (Chrono Boost)  
  31  6:46  Nexus  
  31  6:49  Probe (Chrono Boost)  
  31  6:52  Pylon  
  32  6:54  Probe (Chrono Boost)  
  33  7:05  Probe  
Tags
 
Composition
Blink Stalkers
Matchup
PvT
Spawn Locations
Close Positions
Add a new tag
Caveats
  • Supply blocks, unpowered buildings, or Contaminate may cause inaccurate times.
  • Supply counts are checked every 10 seconds.